 Dungeon Sprint DCSS version 0.17-a0-1920-gafa4d75 (webtiles) character file.

11380 Kidiri the Spry (level 11, -3/47 HPs)
             Began as a Spriggan Enchanter on Sept 27, 2015.
             Was the Champion of Dithmenos.
             Killed from afar by an ice dragon (50 damage)
             ... with a blast of cold
             ... in the Dungeon (Sprint III: "The Ten Rune Challenge").
             The game lasted 00:14:54 (3278 turns).

Kidiri the Spry (Spriggan Enchanter)                Turns: 3278, Time: 00:14:54

Health: -3/47      AC:  1    Str:  6    XL:     11   Next: 48%
Magic:  14/29      EV: 32    Int: 19    God:    Dithmenos [******]
Gold:   42         SH:  0    Dex: 18    Spells: 10 memorised, 1 level left

rFire  . . .     SeeInvis +     n - +0 dagger (venom)
rCold  . . .     Clarity  .     (armour restricted)
rNeg   . . .     SustAt   .     (shield restricted)
rPois  .         Gourm    .     (helmet restricted)
rElec  .         Spirit   .     l - +0 cloak
rCorr  .         Warding  .     (gloves unavailable)
rMut   .         NoTele   +     (boots unavailable)
MR     +....                    (no amulet)
Stlth  +++++++...               (no ring)
                                (no ring)

@: wreathed by umbra, very quick, somewhat resistant to hostile enchantments,
extremely stealthy
A: unfitting armour, hooves 1, see invisible, herbivore 3, speed 3, slow
metabolism 2, strong 1
a: Shadow Step, Shadow Form, Renounce Religion


You were in the Dungeon.
You worshipped Dithmenos.
Dithmenos was exalted by your worship.
You were full.

You visited 1 branch You collected 42 gold pieces.

Inventory:

Hand weapons
 a - a +1 dagger
 n - a +0 dagger of venom (weapon)
Armour
 k - a +2 robe
 l - a +0 cloak (worn)
 m - an ice dragon hide
Magical devices
 c - a wand of magic darts (17)
Scrolls
 j - a scroll of blinking
 p - 2 scrolls of remove curse
 t - a scroll of holy word
Potions
 b - a potion of might
 e - a potion of curing
 f - 2 potions of heal wounds
 g - a potion of haste
 h - 2 potions of magic
 i - a potion of berserk rage
 r - 2 potions of cure mutation
 s - 3 potions of flight
Books
 o - a book of Power

   Spells                             Type                      Level
   a - Fulminant Prism                Conjuration/Hexes            4
   b - Iskenderun's Mystic Blast      Conjuration                  4
   c - Venom Bolt                     Conjuration/Poison           5
   d - Bolt of Magma                  Conjuration/Fire/Earth       5
   e - Iron Shot                      Conjuration/Earth            6
   f - Orb of Destruction             Conjuration                  7
   g - Spellforged Servitor           Conjuration/Summoning        7
Comestibles
 q - 26 royal jellies
 u - 7 fruits


   Skills:
 * Level 12.8 Short Blades
 * Level 16.0 Dodging
 * Level 15.1 Stealth
 * Level 13.8 Spellcasting
 + Level 5.9 Conjurations
 + Level 10.8 Hexes
 + Level 10.0 Translocations
 + Level 9.0 Transmutations
 + Level 6.6 Ice Magic
 + Level 6.2 Earth Magic
 - Level 2.2 Invocations


You had one spell level left.
You knew the following spells:

 Your Spells              Type           Power        Failure   Level  Hunger
a - Corona                Hex            ######.      1%          1    None
b - Ensorcelled Hibernat  Hex/Ice        #####.       1%          2    None
c - Confuse               Hex            ######..     1%          3    None
d - Tukima's Dance        Hex            ######..     1%          3    None
e - Dazzling Spray        Conj/Hex       #####...     1%          3    None
f - Passwall              Trmt/Erth      #####.....   1%          3    None
g - Passage of Golubria   Tloc           N/A          1%          4    None
h - Lee's Rapid Deconstr  Erth           #####.....   12%         5    ####...
i - Invisibility          Hex            ######..     12%         6    #####..
j - Darkness              Hex            ######....   12%         6    #####..


Dungeon Overview and Level Annotations

Branches:
Dungeon (1/1)

Altars:
Cheibriados
Dithmenos
Elyvilon
Fedhas
Gozag
Kikubaaqudgha
Makhleb
Nemelex Xobeh
Okawaru
Qazlal
Ru
Sif Muna
Trog
Vehumet
Xom
Yredelemnul
Zin
The Shining One
Jiyva
Lugonu

Shops:
D (?:


Innate Abilities, Weirdness & Mutations

You are tiny and cannot use many weapons and most armour.
You have supernaturally acute eyesight.
You are a herbivore.
You cover ground extremely quickly.
You need consume almost no food.
You have large cloven feet.
Your muscles are strong. (Str +2)


Message History

You start removing your armour.
You continue taking off your +2 robe.
You continue taking off your +2 robe. x3
The ice dragon completely misses you. x3
You finish taking off your +2 robe.
You enter the shallow water.
Moving in this stuff is going to be slow.
The ice dragon bites something!
The ice dragon barely misses something.
The ice dragon tramples something!
Something stumbles backwards!
Wear which item? (? for menu, Esc to quit)
Keep equipping yourself? [Y]es or [N]o only, please.
Keep equipping yourself?
You start putting on your armour.
You continue putting on your ice dragon hide.
The ice dragon seems less confused.
The ice dragon is no longer blind.
You continue putting on your ice dragon hide.
The ice dragon breathes frost at you. The blast of cold hits you!
Ouch! That really hurt!
You die...

♣.♣♣ #####
♣♣.♣ ...φ#
♣.♣♣ ....#
♣.♣♣ D.Z.#
♣..♣♣#.D.#
♣♣.♣♣.####♣♣
♣♣.♣♣.≈≈..♣
♣♣..♣♣♣♣♣♣D♣
♣..≈.≈§§§§@♣
♣.....§§§§.♣
♣.♣≈..§§§§≈♣
♣♣♣♣♣♣♣♣§∩∩♣
♣♣♣♣♣


You could see an ice dragon.

Vanquished Creatures
  Maud (D)
  Snorg (D)
  2 ice dragons (D)
  A centaur warrior (D)
  A spriggan druid (D)
  A death drake (D)
  2 unseen horrors (D)
  A lindwurm (D)
  2 spiny frogs (D)
  A komodo dragon (D)
  A deep elf priest (D)
  3 wandering mushrooms (D)
  A queen bee (D)
  3 redbacks (D)
  A shadow (D)
  2 spriggans (D)
  A spatial vortex (D)
  A necrophage (D)
  2 centaurs (D)
  An earth elemental (D)
  2 brain worms (D)
  A water elemental (D)
  32 killer bees (D)
  An electric eel (D)
  A jelly (D)
  Crazy Yiuf (D)
  Jessica (D)
  A necromancer (D)
  A wizard (D)
  3 humans (D)
  A kobold demonologist (D)
  An ooze (D)
  2 swamp drake simulacra (D)
  2 rats (D)
  A ballistomycete (D)
  A giant spore (D)
  2 plants (D)
83 creatures vanquished.

Vanquished Creatures (others)
  2 draconian scorchers (D)
  2 hydras (D)
  2 yaktaurs (D)
  A plant (D)
7 creatures vanquished.

Grand Total: 90 creatures vanquished

Notes
Turn   | Place    | Note
--------------------------------------------------------------
     0 | D        | Kidiri the Spriggan Enchanter began the quest for the Orb.
     0 | D        | Reached XP level 1. HP: 9/9 MP: 5/5
    29 | D        | Killed a yaktaur
    34 | D        | Noticed Jessica
    38 | D        | Killed Jessica
    38 | D        | Reached skill level 5 in Dodging
    38 | D        | Reached skill level 5 in Stealth
    38 | D        | Reached XP level 2. HP: 13/13 MP: 6/8
    38 | D        | Reached XP level 3. HP: 16/16 MP: 6/9
    42 | D        | Learned a level 2 spell: Ensorcelled Hibernation
    46 | D        | Learned a level 3 spell: Confuse
    50 | D        | Learned a level 3 spell: Tukima's Dance
    84 | D        | Noticed Crazy Yiuf
    87 | D        | Killed Crazy Yiuf
    87 | D        | Reached skill level 6 in Stealth
    87 | D        | Reached skill level 1 in Ice Magic
    95 | D        | Reached skill level 5 in Spellcasting
    95 | D        | Reached skill level 5 in Hexes
    95 | D        | Reached XP level 4. HP: 21/21 MP: 6/12
   100 | D        | Learned a level 3 spell: Dazzling Spray
   147 | D        | Gained mutation: You are frail (-10% HP). [potion of mutation]
   147 | D        | Gained mutation: You are clumsy. (Dex -2) [potion of mutation]
   148 | D        | Lost mutation: You are clumsy. (Dex -2) [potion of cure mutation]
   148 | D        | Lost mutation: You are frail (-10% HP). [potion of cure mutation]
   148 | D        | Killed a white draconian scorcher
   149 | D        | Gained mutation: You have large cloven feet. [potion of mutation]
   149 | D        | Gained mutation: Your muscles are strong. (Str +2) [potion of mutation]
   158 | D        | Killed a yaktaur
   195 | D        | Noticed a water elemental
   217 | D        | Killed a water elemental
   217 | D        | Reached skill level 5 in Short Blades
   217 | D        | Reached skill level 7 in Dodging
   298 | D        | Killed a white draconian scorcher
   309 | D        | Noticed a jelly
   310 | D        | Noticed a shadow
   312 | D        | Killed a shadow
   312 | D        | Reached skill level 8 in Dodging
   312 | D        | Reached XP level 5. HP: 24/24 MP: 13/15
   312 | D        | Reached XP level 6. HP: 28/28 MP: 14/17
   316 | D        | Killed a jelly
   316 | D        | Reached skill level 9 in Dodging
   335 | D        | Found a stormy altar of Qazlal.
   336 | D        | Found a sacrificial altar of Ru.
   336 | D        | Found a burning altar of Makhleb.
   336 | D        | Found a viscous altar of Jiyva.
   336 | D        | Found a shimmering altar of Xom.
   336 | D        | Found a shadowy altar of Dithmenos.
   336 | D        | Found a sparkling altar of Nemelex Xobeh.
   336 | D        | Found a corrupted altar of Lugonu.
   336 | D        | Found an opulent altar of Gozag.
   336 | D        | Noticed a spatial vortex
   340 | D        | Became a worshipper of Dithmenos the Shadowed
   352 | D        | Killed a spatial vortex
   352 | D        | Reached skill level 1 in Invocations
   475 | D        | Found a radiant altar of Vehumet.
   476 | D        | Found a deep blue altar of Sif Muna.
   476 | D        | Found an ancient bone altar of Kikubaaqudgha.
   476 | D        | Noticed a wizard
   477 | D        | Killed a wizard
   504 | D        | Learned a level 3 spell: Passwall
   509 | D        | Learned a level 4 spell: Passage of Golubria
   517 | D        | Found a glowing silver altar of Zin.
   518 | D        | Found a glowing golden altar of the Shining One.
   518 | D        | Found a white marble altar of Elyvilon.
   518 | D        | Noticed a deep elf priest
   520 | D        | Killed a deep elf priest
   520 | D        | Reached skill level 10 in Dodging
   520 | D        | Reached skill level 1 in Earth Magic
   520 | D        | Reached XP level 7. HP: 32/32 MP: 18/20
   534 | D        | Learned a level 5 spell: Lee's Rapid Deconstruction
   536 | D        | Found an iron altar of Okawaru.
   536 | D        | Found a bloodstained altar of Trog.
   536 | D        | Noticed a human
   538 | D        | Noticed a human
   538 | D        | Killed a human
   541 | D        | Killed a human
   541 | D        | Reached skill level 11 in Dodging
   574 | D        | Found a basalt altar of Yredelemnul.
   574 | D        | Found a snail-covered altar of Cheibriados.
   574 | D        | Found a blossoming altar of Fedhas.
   574 | D        | Noticed a necrophage
   574 | D        | Noticed a necromancer
   576 | D        | Killed a necrophage
   576 | D        | Acquired Dithmenos's first power
   576 | D        | Reached XP level 8. HP: 36/36 MP: 22/22
   577 | D        | Killed a necromancer
   611 | D        | Noticed Snorg
   720 | D        | Killed Snorg
   720 | D        | Reached skill level 12 in Dodging
   720 | D        | Reached skill level 10 in Stealth
   720 | D        | Reached skill level 10 in Spellcasting
   720 | D        | Reached skill level 5 in Translocations
   861 | D        | Noticed an earth elemental
   864 | D        | Killed an earth elemental
   869 | D        | Noticed a centaur
   869 | D        | Noticed a centaur warrior
   869 | D        | Noticed a centaur
   871 | D        | Killed a centaur
   871 | D        | Reached skill level 5 in Transmutations
   871 | D        | Reached XP level 9. HP: 39/39 MP: 20/24
   877 | D        | Killed a centaur
   877 | D        | Acquired Dithmenos's second power
   885 | D        | Killed a centaur warrior
   885 | D        | Reached skill level 10 in Short Blades
   885 | D        | Reached skill level 13 in Dodging
   920 | D        | Learned a level 6 spell: Invisibility
  1002 | D        | Noticed an unseen horror
  1002 | D        | Noticed an unseen horror
  1007 | D        | Killed an unseen horror
  1007 | D        | Reached skill level 5 in Ice Magic
  1010 | D        | Killed an unseen horror
  1020 | D        | Noticed a killer bee
  1020 | D        | Noticed a killer bee
  1020 | D        | Noticed a killer bee
  1020 | D        | Noticed a killer bee
  1020 | D        | Noticed a killer bee
  1020 | D        | Noticed a killer bee
  1020 | D        | Noticed a killer bee
  1020 | D        | Noticed a killer bee
  1020 | D        | Noticed a killer bee
  1020 | D        | Noticed a killer bee
  1020 | D        | Noticed a killer bee
  1020 | D        | Noticed a killer bee
  1020 | D        | Noticed a killer bee
  1020 | D        | Noticed a killer bee
  1020 | D        | Noticed a killer bee
  1021 | D        | Noticed a killer bee
  1021 | D        | Noticed a killer bee
  1021 | D        | Noticed a killer bee
  1021 | D        | Noticed a killer bee
  1021 | D        | Noticed a killer bee
  1021 | D        | Noticed a killer bee
  1021 | D        | Noticed a killer bee
  1021 | D        | Noticed a killer bee
  1021 | D        | Noticed a killer bee
  1021 | D        | Noticed a killer bee
  1021 | D        | Noticed a queen bee
  1021 | D        | Noticed a killer bee
  1021 | D        | Noticed a killer bee
  1021 | D        | Noticed a killer bee
  1021 | D        | Noticed a killer bee
  1021 | D        | Noticed a killer bee
  1021 | D        | Noticed a killer bee
  1021 | D        | Noticed a killer bee
  1022 | D        | Killed a killer bee
  1022 | D        | Acquired Dithmenos's third power
  1028 | D        | Killed a killer bee
  1030 | D        | Killed a killer bee
  1037 | D        | Killed a killer bee
  1037 | D        | Reached XP level 10. HP: 34/44 MP: 11/26
  1039 | D        | Killed a killer bee
  1041 | D        | Killed a killer bee
  1046 | D        | Killed a killer bee
  1046 | D        | Acquired Dithmenos's fourth power
  1059 | D        | Killed a killer bee
  1068 | D        | Killed a killer bee
  1326 | D        | Killed a killer bee
  1329 | D        | Killed a killer bee
  1331 | D        | Killed a killer bee
  1333 | D        | Killed a killer bee
  1342 | D        | Killed a killer bee
  1357 | D        | Killed a killer bee
  1361 | D        | Killed a killer bee
  1365 | D        | Killed a killer bee
  1370 | D        | Killed a killer bee
  1372 | D        | Killed a killer bee
  1373 | D        | Killed a killer bee
  1373 | D        | Reached skill level 14 in Dodging
  1510 | D        | Killed a killer bee
  1512 | D        | Killed a killer bee
  1519 | D        | Killed a killer bee
  1523 | D        | Killed a killer bee
  1525 | D        | Killed a killer bee
  1527 | D        | Killed a killer bee
  1529 | D        | Killed a killer bee
  1531 | D        | Killed a killer bee
  1533 | D        | Killed a killer bee
  1561 | D        | Killed a killer bee
  1562 | D        | Killed a killer bee
  1568 | D        | Killed a killer bee
  1587 | D        | Killed a queen bee
  1751 | D        | Noticed a wandering mushroom
  1971 | D        | Killed a wandering mushroom
  1971 | D        | Reached skill level 5 in Conjurations
  2046 | D        | Noticed a wandering mushroom
  2047 | D        | Noticed a wandering mushroom
  2048 | D        | Killed a wandering mushroom
  2048 | D        | Reached skill level 5 in Earth Magic
  2056 | D        | Killed a wandering mushroom
  2157 | D        | Noticed a spiny frog
  2157 | D        | Noticed a komodo dragon
  2157 | D        | Noticed a spiny frog
  2160 | D        | Killed a spiny frog
  2162 | D        | Killed a komodo dragon
  2162 | D        | Reached skill level 10 in Hexes
  2166 | D        | Killed a spiny frog
  2175 | D        | Noticed a redback
  2177 | D        | Killed a redback
  2178 | D        | Noticed a brain worm
  2181 | D        | Killed a brain worm
  2190 | D        | Noticed a brain worm
  2192 | D        | Killed a brain worm
  2195 | D        | Noticed a lindwurm
  2197 | D        | Noticed a redback
  2198 | D        | Killed a lindwurm
  2198 | D        | Reached skill level 15 in Dodging
  2200 | D        | Killed a redback
  2200 | D        | Reached XP level 11. HP: 47/47 MP: 27/29
  2212 | D        | Learned a level 6 spell: Darkness
  2213 | D        | Noticed a redback
  2214 | D        | Killed a redback
  2215 | D        | Noticed Maud
  2217 | D        | Killed Maud
  2383 | D        | Noticed an electric eel
  2384 | D        | Noticed a six-headed hydra
  2384 | D        | Noticed an eight-headed hydra
  2438 | D        | Killed an eight-headed hydra
  2595 | D        | Killed a six-headed hydra
  2658 | D        | Killed an electric eel
  2669 | D        | Noticed a death drake
  2672 | D        | Killed a death drake
  2682 | D        | Found a blossoming altar of Fedhas.
  2682 | D        | Noticed a spriggan
  2682 | D        | Noticed a spriggan druid
  2682 | D        | Noticed a spriggan
  2684 | D        | Killed a spriggan druid
  2685 | D        | Killed a spriggan
  2686 | D        | Killed a spriggan
  2762 | D        | Noticed an ice dragon
  2767 | D        | Killed an ice dragon
  2767 | D        | Reached skill level 15 in Stealth
  2795 | D        | Noticed an ice dragon
  2805 | D        | Killed an ice dragon
  2805 | D        | Reached skill level 16 in Dodging
  2805 | D        | Reached skill level 10 in Translocations
  2989 | D        | Found Odum's Antique Weapon Emporium.
  2989 | D        | Found Ginug's Magic Scroll Shop.
  2989 | D        | Found Vyluot's Book Shoppe.
  3257 | D        | Noticed a five-headed hydra
  3257 | D        | Noticed a six-headed hydra simulacrum
  3257 | D        | Noticed an ice dragon
  3278 | D        | Killed from afar by an ice dragon

Vault maps used:
D:        dungeon_sprint_mu

Action                   |  1- 3 |  4- 6 |  7- 9 | 10-12 || total
-------------------------+-------+-------+-------+-------++-------
Melee: Dagger            |    12 |    15 |    29 |   161 ||   217
 Cast: Ensorcelled Hiber |     2 |     2 |    16 |    36 ||    56
       Dazzling Spray    |       |    10 |     6 |    25 ||    41
       Confuse           |       |       |     4 |     4 ||     8
       Passwall          |       |       |     1 |       ||     1
Invok: Shadow Step       |       |       |       |     3 ||     3
  Use: Potion            |       |     4 |       |       ||     4
       Scroll            |       |     3 |       |       ||     3
 Stab: Sleeping          |     5 |     4 |    11 |    35 ||    55
       Confused          |       |       |     2 |     1 ||     3
       Invisible         |       |       |     2 |     5 ||     7
  Eat: Fruit             |       |       |       |     1 ||     1
       Bread ration      |       |       |       |     1 ||     1
